 Dungeon Crawl Stone Soup version 0.23.2-33-g5129a83184 (webtiles) character file.

Game seed: 12325213565863427368

4 FishyPogo the Charlatan (level 1, 0/9 HPs)
             Began as a Spriggan Artificer on July 25, 2019.
             Slain by a hobgoblin
             ... wielding a +0 club
              (2 damage)
             ... on level 1 of the Dungeon.
             The game lasted 00:03:36 (170 turns).

FishyPogo the Charlatan (Spriggan Artificer)         Turns: 170, Time: 00:03:36

Health: 0/9        AC:  2    Str:  8    XL:     1   Next: 58%
Magic:  4/4        EV: 18    Int: 12    God:
Gold:   13         SH:  0    Dex: 16    Spells: 1/1 levels left

rFire    . . .     SeeInvis +   a - +0 short sword
rCold    . . .     Gourm    .   (shield restricted)
rNeg     . . .     Faith    .   b - +0 robe
rPois    .         Spirit   .   (helmet restricted)
rElec    .         Reflect  .   (no cloak)
rCorr    .         Harm     .   (gloves unavailable)
MR       .....                  (boots unavailable)
Stlth    ++........             (no amulet)
HPRegen  0.03/turn              (no ring)
MPRegen  0.09/turn              (no ring)

@: very quick
A: very small, unfitting armour, see invisible, herbivore, speed 3, slow
metabolism 2
a: no special abilities


You were on level 1 of the Dungeon.
You were not hungry.

You visited 1 branch of the dungeon, and saw 1 of its levels.

You collected 13 gold pieces.

Inventory:

Hand Weapons
 a - a +0 short sword (weapon)
Armour
 b - a +0 robe (worn)
Wands
 c - a wand of flame (15)
 d - a wand of enslavement (15)
 e - a wand of random effects (15)
Scrolls
 h - a scroll of teleportation {unknown}
 i - 3 scrolls of identify {unknown}
Potions
 g - a potion of agility {unknown}
 j - a potion of curing {unknown}
 k - a potion of lignification {unknown}
Comestibles
 f - a ration


   Skills:
 * Level 0.9 Fighting
 + Level 1.1 Short Blades
 + Level 0.0 Throwing
 + Level 3.0 Dodging
 + Level 1.7 Stealth
 * Level 0.5 Spellcasting
 + Level 4.0 Evocations


You had one spell level left.
You didn't know any spells.
Your spell library was empty.

Dungeon Overview and Level Annotations

Branches:
Dungeon (1/15)

Altars:


Innate Abilities, Weirdness & Mutations

You are very small and have problems with some larger weapons.
You are too small for most types of armour.
You have supernaturally acute eyesight. (SInv)
You are a herbivore.
You cover ground extremely quickly.
You need to consume almost no food.


Message History

Press: ? - help, Shift-Dir - straight line, f/p - giant cockroach
Aim: a giant cockroach (clinging)
Okay, then.
You barely miss the giant cockroach. The giant cockroach closely misses you.
You hit the giant cockroach but do no damage.
The giant cockroach closely misses you.
You hit the giant cockroach but do no damage.
The giant cockroach barely misses you.
You hit the giant cockroach.
The giant cockroach is heavily wounded.
The hobgoblin hits you with a +0 club. The giant cockroach bites you.
* * * LOW HITPOINT WARNING * * *
The giant cockroach misses you.
You hit the giant cockroach.
The giant cockroach is almost dead.
The giant cockroach barely misses you. The hobgoblin completely misses you.
You barely miss the giant cockroach.
The giant cockroach is almost dead.
The giant cockroach barely misses you. The hobgoblin hits you with a +0 club.
You die...

.#.#[.♣PP.<.P..♣...#..### ...#
.#.#..♣P...PP..♣......# g..#
.#.#..♣......PP♣..##.## ....
.#....♣..PP..PP♣..##.# ..###.
.......♣♣♣♣♣♣♣♣♣.....## #......
...>..............#...###.......
................)..(.....s......
................gs.##.......(...
#..>..#####.#...@...............
.......##...#....)..............
............................(...
........#####...................
.......## #...................
.......# #......#........?...
.......# #......#............
.......# #......###### .......#
#......#


You could see a giant cockroach and a hobgoblin.

Vanquished Creatures
  A bat (D:1)
  A goblin (D:1)
  2 frilled lizards (D:1)
  A kobold (D:1)
  A fungus (D:1)
6 creatures vanquished.

Notes
Turn   | Place    | Note
-------+----------+-------------------------------------------
     0 | D:1      | FishyPogo the Spriggan Artificer began the quest for the
                  | Orb.
     0 | D:1      | Reached XP level 1. HP: 9/9 MP: 4/4
   170 | D:1      | Slain by a hobgoblin

Action                   || total
-------------------------++-------
Melee: Short sword       ||    51
Throw: Stone             ||     1
Armor: Robe              ||     4
Dodge: Dodged            ||    29
